 Dungeon Crawl Stone Soup version 0.30-a0-879-ga8ba668304 (webtiles) character file.

Game seed: 14533724976804802874

376 domi the Conjurer (level 6, 41/41 HPs)
             Began as a Demonspawn Conjurer on Mar 13, 2023.
             Was an Initiate of Gozag.
             Got out of the dungeon alive.
             The game lasted 00:04:58 (3489 turns).

domi the Conjurer (Demonspawn Conjurer)             Turns: 3489, Time: 00:04:59

Health: 41/41      AC:  9    Str:  7    XL:     6   Next: 44%
Magic:  9/9        EV: 12    Int: 21    God:    Gozag
Gold:   223        SH:  0    Dex: 12    Spells: 2/9 levels left

rFire   + . .      SeeInvis .    n - +2 dagger (vamp) {!w}
rCold   + . .      Faith    .    (no shield)
rNeg    . . .      Spirit   +    m - +2 robe {rC+ rF+}
rPois   .          Reflect  .    (helmet restricted)
rElec   .          Rampage  .    g - +0 cloak
rCorr   .                        b - +0 pair of gloves
Will    .....                    i - +2 pair of boots
Stlth   ++                       (no amulet)
HPRegen 0.26/turn                (no ring)
MPRegen 0.22/turn                (no ring)

@: no status effects
A: antennae 1, magic shield, magic regeneration, demonic magic 1
a: Renounce Religion, Potion Petition, Call Merchant, Bribe Branch


You escaped.
You worshipped Gozag.
Gozag was aware of your devotion.
You visited 1 branch of the dungeon, and saw 4 of its levels.

You collected 258 gold pieces.
You paid 35 gold pieces to Gozag.

Inventory:

Hand Weapons
 n - a +2 vampiric dagger (weapon) {!w}
   (You took it off a goblin on level 2 of the Dungeon)
Armour
 b - a +0 pair of gloves (worn)
   (You found it on level 1 of the Dungeon)
 g - a +0 cloak (worn)
   (You found it on level 2 of the Dungeon)
 i - a +2 pair of boots (worn)
   (You found it on level 2 of the Dungeon)
 m - a +2 robe of resistance (worn)
   (You took it off Jessica on level 2 of the Dungeon)
Wands
 r - a wand of paralysis (9)
   (You found it on level 3 of the Dungeon)
 s - a wand of mindburst (8)
   (You found it on level 3 of the Dungeon)
Scrolls
 a - a scroll of immolation {unknown}
 e - a scroll of acquirement {unknown}
 l - a scroll of noise {unknown}
 o - a scroll of fear
 p - 2 scrolls of teleportation {unknown}
 q - a scroll of magic mapping {!r}
 t - 4 scrolls of identify {@r1}
Potions
 c - a potion of degeneration {unknown}
 d - 3 potions of curing {unknown}
 f - 3 potions of heal wounds {@q2}
 h - 2 potions of cancellation {unknown}
 j - a potion of brilliance {unknown}


   Skills:
 - Level 1.7 Dodging
 - Level 1.7 Stealth
 - Level 2.0 Spellcasting
 + Level 7.3 Conjurations
 + Level 2.1 Translocations


You had 2 spell levels left.
You knew the following spells:

 Your Spells              Type           Power      Damage    Failure   Level
c - Iskenderun's Mystic   Conj/Tloc      22%        2d6       21%         4
x - Searing Ray           Conj           66%        2d6       1%          2
z - Magic Dart            Conj           100%       1d8       1%          1

Your spell library contained the following spells:

 Spells                   Type           Power      Damage    Failure   Level
 Dazzling Flash           Conj/Hex       34%        N/A       10%         3
 Fulminant Prism          Conj/Hex       8%         3d6       32%         4


Dungeon Overview and Level Annotations

Branches:
Dungeon (4/15)
 Temple: D:4-7

Altars:
Gozag

Annotations:
D:1 2 transporters
D:4 1 runed translucent door, Crazy Yiuf


Innate Abilities, Weirdness & Mutations

You have a pair of small antennae on your head.
When hurt, damage is shared between your health and your magic reserves.
You regenerate magic rapidly.
Spells you cast may paralyse adjacent enemies.


Message History

There are monsters nearby!
There are monsters nearby!
Aim: a gnoll, wielding a +0 club (100% to hit)
Okay, then.
Aim: a gnoll, wielding a +0 club (100% to hit)
The magic dart hits the gnoll.
The orc shouts!
The gnoll shouts!
You hear a shout! x2
Edmund the Younger comes into view.
He is wielding a +2 flail of protection and wearing a +0 chain mail of willpower.
An orc comes into view. It is wielding a +0 mace.
The orc shouts!
Aim: a gnoll, wielding a +0 club (moderately wounded, chance to affect: 72%)
The gnoll's mind is blasted!
You blow up the gnoll!
Your Translocations skill increases to level 1!
You see here 2 gold pieces.
You see here 2 gold pieces.
You hit the orc. The orc closely misses you.
Aim: Edmund, wielding a +2 flail of protection and wearing a +0 chain mail of willpower (85% to hit)
The searing ray misses the orc.
The searing ray hits Edmund. (Press . to maintain the ray.)
The orc hits you with a +0 hand axe.
The searing ray hits the orc!
You kill the orc!
The searing ray hits Edmund.
The searing ray hits Edmund but does no damage.
The searing ray hits the gnoll.
Edmund closely misses you.
The searing ray hits Edmund!
The searing ray hits the gnoll!
You kill the gnoll!
You finish channelling your searing ray.
Edmund hits you with a +2 flail of protection.
Aim: Edmund, wielding a +2 flail of protection and wearing a +0 chain mail of willpower (moderately wounded, 85% to hit)
Okay, then.
Okay, then.
Throw: 3 darts (curare) {=f}
Aim: Edmund, wielding a +2 flail of protection and wearing a +0 chain mail of willpower (moderately wounded, 64% to hit)
You throw a curare-tipped dart {=f}.
The curare-tipped dart {=f} closely misses Edmund.
Edmund closely misses you. Edmund attacks as you move away!
Edmund hits you but does no damage.
You see here 2 gold pieces.
Throw: 2 darts (curare) {=f}
Aim: Edmund, wielding a +2 flail of protection and wearing a +0 chain mail of willpower (moderately wounded, 64% to hit)
You throw a curare-tipped dart {=f}.
The curare-tipped dart {=f} hits Edmund.
Edmund is poisoned.
Edmund convulses.
Edmund seems to slow down.
Aim: Edmund, wielding a +2 flail of protection and wearing a +0 chain mail of willpower (heavily wounded, poisoned, slow, 85% to hit)
The searing ray hits Edmund but does no damage.
The searing ray hits the orc!
You kill the orc! (Press . to maintain the ray.)
The searing ray hits Edmund!
The searing ray hits Edmund.
Edmund hits you with a +2 flail of protection.
Edmund looks more healthy.
Edmund says, "A flail is better than a scythe, any day of the week!"
Throw: dart (curare) {=f}
Aim: Edmund, wielding a +2 flail of protection and wearing a +0 chain mail of willpower (almost dead, 64% to hit)
You throw a curare-tipped dart {=f}.
The curare-tipped dart {=f} hits Edmund.
Edmund is poisoned.
Edmund convulses.
You kill Edmund!
Your Translocations skill increases to level 2!
You have reached level 6!
Your demonic ancestry asserts itself...
A menacing aura infuses your magic.
You now have 215 gold pieces (gained 7).
Things that are here:
a +2 flail of protection; a +0 chain mail of willpower A kobold comes into view.
It is wielding a +0 dagger.
You can't go up here!
The kobold shouts!
You hit the kobold. The kobold closely misses you.
You completely miss the kobold. The kobold misses you.
You closely miss the kobold. The kobold hits you but does no damage.
You hit the kobold.
You feel better.
You kill the kobold!
You now have 223 gold pieces (gained 8).
t - 4 scrolls of identify {@r1} (gained 3)
Things that are here:
a +0 dagger; a +0 robe
(D) Dungeon
Where to? (Enter - D:4 @ (x,y), ? - help)
There is a stone staircase leading up here.
You climb upwards.
There is a stone staircase leading down here.
There is a stone staircase leading up here.
You climb upwards.
There is a stone staircase leading down here.
There is a stone staircase leading up here.
You climb upwards.
Level annotation: 2 transporters
There is a stone staircase leading down here.
There is an open door here.
You see here a +0 dagger.
There is an open door here.
You open the door.
There is an open door here.
There is a staircase leading out of the dungeon here.
Are you sure you want to leave the Dungeon?
This will make you lose the game!
You have escaped!

......#.......## #.#
.#.##^#.##.>...## #.#
.#..............##### #.#
.####.#.##.#≈~≈.~≈~~####.#
.# #.#.##.~≈≈≈≈.≈≈≈≈....#
.####.#.##≈≈≈≈≈≈≈.≈≈≈#####
......#...≈≈≈≈~~.~≈≈≈#
##########≈≈≈≈~...~~≈#
#≈≈≈≈~.©@©.~≈#
#≈≈≈≈~~.⌠.~~≈#
#######~≈≈≈≈≈~~~≈≈≈#
#.....≈≈≈≈≈≈≈≈≈≈≈≈≈##
##.####≈≈≈~~~≈≈≈≈≈≈..#
#......≈~~.⌠.~≈≈≈≈≈#.#
#..##.#≈~.©>©.~≈≈≈~#.#
#..##..≈~~...~≈≈≈~##.#
#..####≈≈≈~.~≈≈≈≈≈##.#


There were no monsters in sight!

Vanquished Creatures
  Edmund (D:4)
  An ogre (D:3)
  Jessica (D:2)
  2 gnolls (D:4)
  5 adders
  A dart slug (D:2)
  2 orcs (D:4)
  5 ball pythons
  6 endoplasms
  6 giant cockroaches
  5 goblins
  7 hobgoblins
  7 jackals
  9 kobolds
  3 quokkas
  9 bats
  2 frilled lizards
  6 rats
78 creatures vanquished.

Vanquished Creatures (others)
  4 plants (D:3)
4 creatures vanquished.

Grand Total: 82 creatures vanquished

Notes
Turn   | Place    | Note
-------+----------+-------------------------------------------
     0 | D:1      | domi the Demonspawn Conjurer began the quest for the Orb.
     0 | D:1      | Reached XP level 1. HP: 13/13 MP: 3/3
   380 | D:1      | Gained mutation: You regenerate magic rapidly. [demonic
                  | ancestry]
   380 | D:1      | Reached XP level 2. HP: 12/19 MP: 1/5
  1015 | D:1      | Reached skill level 5 in Conjurations
  1035 | D:1      | Reached XP level 3. HP: 24/24 MP: 3/6
  1715 | D:2      | Gained mutation: When hurt, damage is shared between your
                  | health and your magic reserves. [demonic ancestry]
  1715 | D:2      | Reached XP level 4. HP: 30/30 MP: 2/7
  1737 | D:2      | Noticed Jessica
  1741 | D:2      | Killed Jessica
  1781 | D:2      | Reached skill level 6 in Conjurations
  2111 | D:3      | Noticed an ogre
  2123 | D:3      | Killed an ogre
  2124 | D:3      | Gained mutation: You have a pair of small antennae on your
                  | head. [demonic ancestry]
  2124 | D:3      | Reached XP level 5. HP: 35/35 MP: 2/8
  2162 | D:3      | Learned a level 2 spell: Searing Ray
  2167 | D:3      | Learned a level 4 spell: Iskenderun's Mystic Blast
  2189 | D:3      | Found an opulent altar of Gozag.
  2199 | D:3      | Became a worshipper of Gozag Ym Sagoz the Greedy
  3220 | D:4      | Reached skill level 7 in Conjurations
  3267 | D:4      | Found a runed translucent door.
  3268 | D:4      | Noticed Crazy Yiuf
  3328 | D:4      | Noticed Edmund
  3339 | D:4      | Reached skill level 1 in Translocations
  3362 | D:4      | Killed Edmund
  3363 | D:4      | Reached skill level 2 in Translocations
  3363 | D:4      | Gained mutation: Spells you cast may paralyse adjacent
                  | enemies. [demonic ancestry]
  3363 | D:4      | Reached XP level 6. HP: 34/41 MP: 2/9
  3489 | D:$      | Got out of the dungeon alive.

Illustrated notes

Levels and vault maps discovered:
D:1:      spicycebolla_arrival_transporter_tutorial, layout_loops_corners,
          chequers_mini_garden
D:2:      layout_rooms, nrook_mini_vaults, uniq_jessica
D:3:      layout_basic, mainiacjoe_overflow_chevrons, solitary_fountain
D:4:      layout_basic, temple_pool_b, uniq_edmund, uniq_crazy_yiuf_cottage,
          uniq_sigmund

Skill      XL: |  1  2  3  4  5 |
---------------+----------------+-----
Conjurations   | 5 6 7 |  7.3
Translocations | 2 |  2.1
Dodging        | |  1.7
Stealth        | |  1.7
Spellcasting   | |  2.0

Action                     |  1- 3 |  4- 6 || total
---------------------------+-------+-------++-------
  Melee: Unarmed           |     7 |       ||     7
         Dagger            |       |     5 ||     5
  Throw: Dart              |       |     5 ||     5
   Cast: Magic Dart        |    90 |    65 ||   155
         Searing Ray       |       |     2 ||     2
  Evoke: Wand              |       |     1 ||     1
    Use: Potion            |     1 |       ||     1
         Scroll            |     4 |       ||     4
 Armour: Robe              |     1 |     6 ||     7
  Dodge: Dodged            |    29 |     7 ||    36

Table legend: (Time is in decaauts)
 A = Elapsed time spent in this place.
 B = Non-inter-level travel time spent in this place.
 C = Inter-level travel time spent in this place.
 D = Time resting spent in this place.
 E = Time spent auto-exploring this place.
 F = Levels seen in this place.
 G = Mean time per level.
                   A        B        C        D        E       F      G
               +--------+--------+--------+--------+--------+-----+--------+
         Total |   3489 |   3267 |    222 |    169 |   2650 |   4 |  872.2 |
       Dungeon |   3489 |   3267 |    222 |    169 |   2650 |   4 |  872.2 |
               +--------+--------+--------+--------+--------+-----+--------+

Top non-repeatable levels by time:
     D:1: 1436 daAuts
     D:3: 1094 daAuts
     D:2: 744 daAuts
     D:4: 214 daAuts

Table legend:
 A = Kills in this place as a percentage of kills in the entire game.
 B = Kills by you in this place as a percentage of kills by you in the entire game.
 C = Kills by friends in this place as a percentage of kills by friends in the entire game.
 D = Other kills in this place as a percentage of other kills in the entire game.
 E = Experience gained in this place as a percentage of experience gained in the entire game.
 F = Experience gained in this place divided by the number of levels of this place that you have seen.
                   A       B       C       D       E      F
               +-------+-------+-------+-------+-------+----------------------
         Total | 100.0 | 100.0 |   N/A |   N/A | 100.0 | 134.5
       Dungeon | 100.0 | 100.0 |   N/A |   N/A | 100.0 | 134.5
               +-------+-------+-------+-------+-------+----------------------
